 Dungeon Crawl Stone Soup version 0.25.1-2-g60ff931df9 (webtiles) character file.

Game seed: 4786440074075606477

114 Delamore the Shield-Bearer (level 4, -2/30 HPs)
             Began as a Gargoyle Fighter on Sept 12, 2020.
             Killed by divine providence
             ... invoked by an orc priest
              (8 damage)
             ... on level 3 of the Dungeon.
             The game lasted 00:01:24 (1832 turns).

Delamore the Shield-Bearer (Gargoyle Fighter)       Turns: 1832, Time: 00:01:24

Health: -2/30      AC: 11    Str: 21    XL:     4   Next: 97%
Magic:  4/4        EV:  7    Int:  8    God:
Gold:   79         SH:  9    Dex:  9    Spells: 3/3 levels left

rFire    . . .     SeeInvis .   a - +0 flail
rCold    . . .     Gourm    .   c - +0 kite shield
rNeg     + . .     Faith    .   b - +0 scale mail
rPois    ∞         Spirit   .   l - +1 hat
rElec    +         Reflect  .   (no cloak)
rCorr    .         Harm     .   (no gloves)
MR       .....                  (no boots)
Stlth    ..........             (no amulet)
HPRegen  0.10/turn              (no ring)
MPRegen  0.09/turn              (no ring)

@: no status effects
A: negative energy resistance 1, electricity resistance, unbreathing,
petrification resistance, rot immunity, AC +3
a: no special abilities


You were on level 3 of the Dungeon.
You were not hungry.

You visited 1 branch of the dungeon, and saw 3 of its levels.

You collected 79 gold pieces.

Inventory:

Hand Weapons
 a - a +0 flail (weapon)
Armour
 b - a +0 scale mail (worn)
 c - a +0 kite shield (worn)
 l - a +1 hat (worn)
Scrolls
 e - a scroll of immolation {unknown}
 g - a scroll of fear {unknown}
 i - 3 scrolls of identify {unknown}
 j - a scroll of random uselessness {unknown}
 m - a scroll of enchant weapon {unknown}
 n - a scroll of magic mapping {unknown}
 o - a scroll of remove curse {unknown}
Potions
 d - a potion of might
 h - a potion of lignification {unknown}
 k - 3 potions of curing {unknown}
Comestibles
 f - 6 rations
 p - 4 chunks of flesh


   Skills:
 + Level 4.3 Fighting
 + Level 3.2 Maces & Flails
 - Level 3.2 Armour
 + Level 4.3 Shields


You had 3 spell levels left.
You didn't know any spells.
Your spell library was empty.

Dungeon Overview and Level Annotations

Branches:
Dungeon (3/15)

Altars:
Fedhas
Kikubaaqudgha


Innate Abilities, Weirdness & Mutations

You are resistant to torment.
Your stone body is resilient. (AC +3)
You are immune to poison.
You resist negative energy. (rN+)
You are resistant to electric shocks. (rElec)
You can survive without breathing.
You are immune to petrification.
You are immune to rotting.


Message History

You hit the orc but do no damage. You block the orc's attack. x2
The orc hits you with a +0 flail.
Some of the chunks of flesh in your inventory have rotted away.
You are too injured to fight recklessly!
You are too injured to fight recklessly!
You are too injured to fight recklessly!
You are too injured to fight recklessly!
You are too injured to fight recklessly!
You are too injured to fight recklessly!
A goblin comes into view. It is wielding a +0 club.
The orc priest calls down the wrath of Beogh upon you.
Beogh smites you!
* * * LOW HITPOINT WARNING * * *
The orc throws a boomerang.
The boomerang closely misses you.
The weapon returns to the orc!
The orc throws a boomerang.
The boomerang barely misses you.
The weapon returns to the orc!
The orc priest invokes the aid of Beogh against you.
Beogh smites you!
You die...

### ..## ..# #.#
#÷# #.#
########.#######
#...............
##@####..#######
#.####.##
#o.##..#
##..#.## ##oo.#
##.o# #o.# #og#
..o.


You could see an orc priest, 4 orcs and a goblin.

Vanquished Creatures
  Terence (D:2)
  A worker ant (D:2)
  An adder (D:2)
  2 dart slugs
  A worm (D:2)
  2 leopard geckos
  A ball python (D:1)
  3 giant cockroaches
  8 goblins
  10 hobgoblins
  6 bats
  A frilled lizard (D:2)
  6 kobolds
  5 rats
48 creatures vanquished.

Notes
Turn   | Place    | Note
-------+----------+-------------------------------------------
     0 | D:1      | Delamore the Gargoyle Fighter began the quest for the Orb.
     0 | D:1      | Reached XP level 1. HP: 14/14 MP: 1/1
   196 | D:1      | Reached XP level 2. HP: 19/19 MP: 2/2
   418 | D:1      | Reached XP level 3. HP: 24/24 MP: 3/3
  1164 | D:2      | Reached XP level 4. HP: 23/29 MP: 4/4
  1227 | D:2      | Found a blossoming altar of Fedhas.
  1230 | D:2      | Found an ancient bone altar of Kikubaaqudgha.
  1593 | D:2      | Noticed Terence
  1601 | D:2      | Killed Terence
  1832 | D:3      | Killed from afar by an orc priest

Illustrated notes

Levels and vault maps discovered:
D:1:      tarquinn_simple_flora_water_d, layout_rooms, serial_corexii_hall,
          corexii_hall_statues_i, corexii_hall_statues_deadend,
          minmay_strange_pillars
D:2:      layout_loops_corners, grunt_temple_overflow_growth_and_decay,
          first_ration, uniq_terence
D:3:      layout_rooms

Skill      XL: |  1  2  3  4 |
---------------+-------------+-----
Fighting       | 4 |  4.3
Shields        | 4 |  4.3
Maces & Flails | 3 |  3.2
Armour         | |  3.2

Action                   |  1- 3 |  4- 6 || total
-------------------------+-------+-------++-------
Melee: Flail             |   161 |    43 ||   204
  Eat: Chunk             |     1 |     2 ||     3
Armor: Scale mail        |   104 |    11 ||   115
Dodge: Dodged            |    68 |    16 ||    84
Block: Kite shield       |   103 |    28 ||   131
